[Event "77th Armenian Women Championship 2022"]
[Site "Yerevan"]
[Date "2022.01.12"]
[Round "1.5"]
[White "Arakelyan, Nare"]
[Black "Hakobyan, Astghik"]
[Result "1-0"]
[ECO "B15"]
[WhiteElo "1912"]
[BlackElo "2053"]
[Annotator "ChessBase"]
[PlyCount "65"]
[EventDate "2022.01.12"]
[EventType "tourn"]
[EventCountry "ARM"]
[SourceTitle "playchess.com"]
[Source "ChessBase"]
[SourceQuality "1"]
[TimeControl "40/5400+30:1800+30"]

1. e4 c6 2. d4 d5 3. Nc3 dxe4 4. Nxe4 Nf6 5. Nxf6+ exf6 6. c3 Bd6 7. Bd3 O-O 8. Qc2 Re8+ 9. Ne2 h5 10. Be3 Nd7 11. O-O-O Nf8 12. Kb1 Be6 13. c4 b5 14. d5 cxd5 15. c5 Rc8 16. Bxb5 Nd7 17. c6 Ne5 18. Qa4 Qc7 19. Nf4 Nc4 20. Nxd5 Bxd5 21. Rxd5 Nxe3 22. fxe3 Rxe3 23. Qd4 Re5 24. Rxd6 Rxb5 25. Rd1 Re8 26. Qc4 Qa5 27. Rd7 Rf8 28. Rc1 Qb6 29. b3 Rb4 30. Qd5 Rb5 31. Qc4 Rb4 32. Qd3 Rb5 33. Rb7 1-0

[Event "77th Armenian Women Championship 2022"]
[Site "Yerevan"]
[Date "2022.01.13"]
[Round "2.1"]
[White "Avetisyan, Mariam"]
[Black "Yedigaryan, Asya"]
[Result "1/2-1/2"]
[ECO "C00"]
[WhiteElo "2012"]
[BlackElo "2022"]
[Annotator "ChessBase"]
[PlyCount "69"]
[EventDate "2022.01.12"]
[EventType "tourn"]
[EventCountry "ARM"]
[SourceTitle "playchess.com"]
[Source "ChessBase"]
[SourceQuality "1"]
[TimeControl "40/5400+30:1800+30"]

1. e4 e6 2. d4 d5 3. Bd3 dxe4 4. Bxe4 Nf6 5. Bf3 c5 6. Ne2 Be7 7. O-O O-O 8. Be3 Nbd7 9. Nbc3 cxd4 10. Bxd4 Qa5 11. Nc1 Ne5 12. Nb3 Nxf3+ 13. Qxf3 Qf5 14. Qxf5 exf5 15. Rfe1 Be6 16. Bc5 Rfe8 17. Bxe7 Rxe7 18. Nd4 g6 19. Nxe6 Rxe6 20. Rxe6 fxe6 21. Re1 Kf7 22. Nb5 Rd8 23. Nxa7 Ra8 24. Nb5 Rxa2 25. Rb1 Ke7 26. Nc3 Ra6 27. f3 Nd5 28. Nxd5+ exd5 29. Rd1 Ra2 30. Rxd5 Rxb2 31. Rd2 b5 32. Kf2 b4 33. f4 b3 34. Re2+ Kf6 35. cxb3 1/2-1/2

[Event "77th Armenian Women Championship 2022"]
[Site "Yerevan"]
[Date "2022.01.13"]
[Round "2.2"]
[White "Hakobyan, Astghik"]
[Black "Mkrtchyan, Mariam"]
[Result "1-0"]
[ECO "B10"]
[WhiteElo "2053"]
[BlackElo "2262"]
[Annotator "ChessBase"]
[PlyCount "85"]
[EventDate "2022.01.12"]
[EventType "tourn"]
[EventCountry "ARM"]
[SourceTitle "playchess.com"]
[Source "ChessBase"]
[SourceQuality "1"]
[TimeControl "40/5400+30:1800+30"]

1. e4 c6 2. Nf3 d5 3. Nc3 dxe4 4. Nxe4 Nf6 5. Qe2 Nxe4 6. Qxe4 Be6 7. b3 Nd7 8. Bb2 Nf6 9. Qf4 Qa5 10. Ng5 Nh5 11. Qh4 O-O-O 12. Bd3 Nf6 13. Nxe6 fxe6 14. Bc3 Qc5 15. O-O Nd5 16. Bd4 Qd6 17. Rfe1 Qf4 18. Re4 Qxh4 19. Rxh4 Nb4 20. Bc4 Nxc2 21. Bxe6+ Kb8 22. Be5+ Ka8 23. Rd1 c5 24. Rc1 Rxd2 25. Rc4 Na3 26. Rxc5 a6 27. Rc8+ Ka7 28. Bf4 Re2 29. Bd7 g6 30. Kf1 Re4 31. Be3+ Rxe3 32. fxe3 Bg7 33. Rxh8 Bxh8 34. Ke2 Bb2 35. Rc8 Nb1 36. Kd3 Be5 37. h3 b5 38. Re8 Bf6 39. e4 Nc3 40. e5 Bxe5 41. Rxe7 Bd6 42. Re6 Bb4 43. a3 1-0

[Event "77th Armenian Women Championship 2022"]
[Site "Yerevan"]
[Date "2022.01.13"]
[Round "2.3"]
[White "Gaboyan, Susanna"]
[Black "Gevorgyan, Maria"]
[Result "1-0"]
[ECO "A05"]
[WhiteElo "2254"]
[BlackElo "2218"]
[Annotator "ChessBase"]
[PlyCount "117"]
[EventDate "2022.01.12"]
[EventType "tourn"]
[EventCountry "ARM"]
[SourceTitle "playchess.com"]
[Source "ChessBase"]
[SourceQuality "1"]
[TimeControl "40/5400+30:1800+30"]

1. Nf3 Nf6 2. g3 b6 3. Bg2 Bb7 4. O-O g6 5. d3 Bg7 6. e4 O-O 7. Nc3 c5 8. Bf4 d6 9. Qd2 Nbd7 10. Bh6 a6 11. a4 Ne8 12. Bxg7 Kxg7 13. Ng5 h6 14. Nh3 e6 15. f4 f5 16. exf5 Bxg2 17. Qxg2 exf5 18. Rae1 Ndf6 19. Re2 d5 20. Rfe1 Ra7 21. Nf2 d4 22. Nb1 Nd5 23. Na3 Nef6 24. Nc4 b5 25. Ne5 Qd6 26. Qf3 Re7 27. Nd1 bxa4 28. Nc4 Rxe2 29. Rxe2 Qd7 30. Re5 Re8 31. Nf2 Rxe5 32. fxe5 Ng8 33. h4 Nge7 34. Nh3 Qb5 35. Kh2 Qc6 36. Nf4 Nxf4 37. Qxf4 Nd5 38. Qf3 Qe6 39. Kg2 Ne7 40. Kh2 Qd5 41. Qf4 Qe6 42. Kg2 Nd5 43. Qf3 g5 44. hxg5 hxg5 45. Qh5 Qg6 46. Qf3 Qc6 47. Kg1 Ne7 48. Qh5 Qg6 49. Qf3 g4 50. Qb7 Qe6 51. Qb6 Qc6 52. Qd8 Kf7 53. Nd6+ Ke6 54. Ne8 Nd5 55. Nd6 Qd7 56. Qh8 Ne3 57. Qf6+ Kd5 58. Nc8 Nc4 59. Ne7+ 1-0

[Event "77th Armenian Women Championship 2022"]
[Site "Yerevan"]
[Date "2022.01.13"]
[Round "2.4"]
[White "Khachatryan, Anna"]
[Black "Arakelyan, Nare"]
[Result "0-1"]
[ECO "B52"]
[WhiteElo "2134"]
[BlackElo "1912"]
[Annotator "ChessBase"]
[PlyCount "120"]
[EventDate "2022.01.12"]
[EventType "tourn"]
[EventCountry "ARM"]
[SourceTitle "playchess.com"]
[Source "ChessBase"]
[SourceQuality "1"]
[TimeControl "40/5400+30:1800+30"]

1. e4 c5 2. Nf3 d6 3. Bb5+ Bd7 4. Bxd7+ Qxd7 5. c4 Nc6 6. Nc3 g6 7. d4 cxd4 8. Nxd4 Bg7 9. Nde2 Nf6 10. O-O O-O 11. f3 Ne5 12. b3 a6 13. a4 b6 14. Be3 Qb7 15. Rb1 Rfd8 16. Qd2 Rac8 17. Rfd1 h5 18. Qe1 Nfd7 19. Nd5 Nc5 20. Qh4 Re8 21. Nd4 Nc6 22. Nxc6 Rxc6 23. Kh1 Kf8 24. Qg3 b5 25. Bxc5 Rxc5 26. cxb5 axb5 27. b4 Rc2 28. a5 Rec8 29. Nb6 R8c3 30. Qg5 Bf6 31. Qxb5 Rc6 32. Qd5 e6 33. Qd3 Be5 34. Qe3 R6c3 35. Rd3 Rxd3 36. Qxd3 Qc6 37. Qd1 Kg7 38. Nd7 Bf4 39. b5 Qc4 40. b6 Qa2 41. Qd4+ e5 42. Qa1 Qc4 43. Rg1 Qe6 44. Rf1 Qxd7 45. Qb1 Rc8 46. Qd3 Qc6 47. g3 Bg5 48. Rb1 Bd8 49. Qb3 Qb7 50. Qd3 Qc6 51. Qb3 Rb8 52. Kg2 Qc5 53. Qb5 Qc2+ 54. Kh3 g5 55. Rb4 Qd1 56. Kg2 Qd2+ 57. Kh3 Qd1 58. Kg2 g4 59. Rb3 Rc8 60. fxg4 Rc2+ 0-1

[Event "77th Armenian Women Championship 2022"]
[Site "Yerevan"]
[Date "2022.01.13"]
[Round "2.5"]
[White "Gasparian, Narine"]
[Black "Khachatryan, Veronika"]
[Result "0-1"]
[ECO "A48"]
[WhiteElo "2004"]
[BlackElo "2007"]
[Annotator "ChessBase"]
[PlyCount "128"]
[EventDate "2022.01.12"]
[EventType "tourn"]
[EventCountry "ARM"]
[SourceTitle "playchess.com"]
[Source "ChessBase"]
[SourceQuality "1"]
[TimeControl "40/5400+30:1800+30"]

1. d4 Nf6 2. Nf3 g6 3. c4 Bg7 4. Nc3 d5 5. g3 O-O 6. Bg2 dxc4 7. Qa4 Nfd7 8. Qxc4 Nb6 9. Qc5 Na6 10. Qg5 Bf6 11. Qh6 Nb4 12. O-O Nc2 13. Rb1 Nxd4 14. Rd1 Nxf3+ 15. Bxf3 Qe8 16. Ne4 Bg7 17. Qh4 f6 18. Nc5 c6 19. a4 Qf7 20. a5 Nd5 21. e4 Nc7 22. Qf4 e5 23. Qd2 Ne6 24. Qb4 Nd4 25. Bg2 Bg4 26. f3 Rad8 27. fxg4 Nc2 28. Qa4 Rxd1+ 29. Kf2 Rd4 30. b4 Qc4 31. Bf1 Qc3 32. Qb3+ Qxb3 33. Rxb3 Rxb4 34. Rc3 Nd4 35. Ba3 Rb1 36. Bd3 Nb5 37. Bc4+ Kh8 38. Bxb5 Rxb5 39. Rd3 f5 40. gxf5 gxf5 41. Ne6 fxe4+ 42. Bxf8 exd3 43. Bxg7+ Kg8 44. Bh6 Kf7 45. Nd8+ Ke7 46. Bg5+ Kd7 47. Nf7 Ke6 48. Nd8+ Kf5 49. h4 Rd5 50. Ke1 h6 51. Be7 Rd7 52. a6 bxa6 53. g4+ Kxg4 54. Nxc6 Kf4 55. Bf8 Ke4 56. h5 Rf7 57. Bb4 Rc7 58. Nd8 Kf3 59. Ne6 Rc4 60. Bf8 e4 61. Bxh6 e3 62. Ng5+ Kg2 63. Kd1 e2+ 64. Kd2 Rc2+ 0-1

[Event "77th Armenian Women Championship 2022"]
[Site "Yerevan"]
[Date "2022.01.14"]
[Round "3.2"]
[White "Arakelyan, Nare"]
[Black "Gasparian, Narine"]
[Result "0-1"]
[ECO "B90"]
[WhiteElo "1912"]
[BlackElo "2004"]
[Annotator "ChessBase"]
[PlyCount "72"]
[EventDate "2022.01.12"]
[EventType "tourn"]
[EventCountry "ARM"]
[SourceTitle "playchess.com"]
[Source "ChessBase"]
[SourceQuality "1"]
[TimeControl "40/5400+30:1800+30"]

1. e4 c5 2. Nf3 d6 3. d4 cxd4 4. Nxd4 Nf6 5. Nc3 a6 6. h3 g6 7. g4 Bg7 8. Be3 Nc6 9. Qd2 O-O 10. O-O-O Bd7 11. f3 b5 12. h4 b4 13. Nce2 Ne5 14. Ng3 Bb5 15. Bh6 Bxf1 16. Rdxf1 Nc4 17. Qg5 Nxe4 18. fxe4 Bxd4 19. Rf3 Bxb2+ 20. Kb1 Bc3 21. Rd1 Qc7 22. Bxf8 Na3+ 23. Kc1 Bb2+ 24. Kd2 Qxc2+ 25. Ke1 Bc3+ 26. Rxc3 Qxc3+ 27. Kf2 Rxf8 28. Nf5 Qc5+ 29. Kf3 Qc3+ 30. Kg2 e6 31. Ne7+ Kg7 32. Rxd6 Nc4 33. Rc6 Qb2+ 34. Kh3 Ne5 35. Rc7 Nf3 36. Qf4 Ng1+ 0-1

[Event "77th Armenian Women Championship 2022"]
[Site "Yerevan"]
[Date "2022.01.14"]
[Round "3.4"]
[White "Gevorgyan, Maria"]
[Black "Avetisyan, Mariam"]
[Result "1-0"]
[ECO "B20"]
[WhiteElo "2218"]
[BlackElo "2012"]
[Annotator "RC"]
[PlyCount "61"]
[EventDate "2022.01.12"]
[EventType "tourn"]
[EventCountry "ARM"]
[SourceTitle "playchess.com"]
[Source "ChessBase"]
[SourceQuality "1"]
[TimeControl "40/5400+30:1800+30"]

1. e4 c5 2. d3 e6 3. Nf3 Nc6 4. g3 d5 5. Nbd2 Nf6 6. Bg2 Be7 7. O-O Qc7 8. Re1 b6 9. Nf1 dxe4 10. dxe4 Bb7 11. c3 Rd8 12. Qc2 O-O 13. e5 Nd5 14. h4 b5 15. h5 b4 16. N1h2 bxc3 17. bxc3 Qa5 18. Bd2 Nb6 19. Ng5 Bxg5 20. Bxg5 Rb8 21. h6 g6 22. Qd2 Qa4 23. Bh4 Qc4 24. Rad1 Nd5 25. Bxd5 exd5 26. Qxd5 Qxc3 27. e6 Nd4 28. Qe5 Ne2+ 29. Qxe2 fxe6 30. Qxe6+ Kh8 31. Ng4 1-0

[Event "77th Armenian Women Championship 2022"]
[Site "Yerevan"]
[Date "2022.01.15"]
[Round "4.1"]
[White "Khachatryan, Anna"]
[Black "Yedigaryan, Asya"]
[Result "1-0"]
[ECO "C11"]
[WhiteElo "2134"]
[BlackElo "2022"]
[Annotator "ChessBase"]
[PlyCount "43"]
[EventDate "2022.01.12"]
[EventType "tourn"]
[EventCountry "ARM"]
[SourceTitle "playchess.com"]
[Source "ChessBase"]
[SourceQuality "1"]
[TimeControl "40/5400+30:1800+30"]

1. e4 e6 2. d4 d5 3. Nc3 Nf6 4. Bg5 dxe4 5. Nxe4 Be7 6. Bxf6 gxf6 7. Nf3 f5 8. Ng3 a6 9. Bc4 b5 10. Bb3 Qd6 11. Qe2 c5 12. dxc5 Qxc5 13. O-O-O Nc6 14. h4 h6 15. Nh5 Rg8 16. Qd2 Rxg2 17. Qxh6 Bf8 18. Qf6 Rg6 19. Qh8 Qxf2 20. Ng5 Qe3+ 21. Kb1 Qe5 22. Rd8+ 1-0

[Event "77th Armenian Women Championship 2022"]
[Site "Yerevan"]
[Date "2022.01.15"]
[Round "4.2"]
[White "Hakobyan, Astghik"]
[Black "Gevorgyan, Maria"]
[Result "0-1"]
[ECO "B34"]
[WhiteElo "2053"]
[BlackElo "2218"]
[Annotator "ChessBase"]
[PlyCount "90"]
[EventDate "2022.01.12"]
[EventType "tourn"]
[EventCountry "ARM"]
[SourceTitle "playchess.com"]
[Source "ChessBase"]
[SourceQuality "1"]
[TimeControl "40/5400+30:1800+30"]

1. e4 c5 2. Nf3 Nc6 3. d4 cxd4 4. Nxd4 Nf6 5. Nc3 e5 6. Ndb5 d6 7. a4 a6 8. Na3 Be6 9. Bg5 Qb6 10. Rb1 d5 11. Bxf6 d4 12. Nd5 Bxd5 13. exd5 Qa5+ 14. c3 Qxd5 15. Bh4 Bxa3 16. bxa3 Qe4+ 17. Be2 dxc3 18. Rxb7 O-O 19. Qd3 Qxh4 20. Rc7 Qxa4 21. Qxc3 Nd4 22. Bd1 Qe8 23. a4 Rb8 24. O-O Rb1 25. Qc4 Qd8 26. Bh5 Rxf1+ 27. Kxf1 g6 28. Bg4 Qg5 29. h3 h5 30. Be2 Kg7 31. Qxa6 Rb8 32. Qd3 Rb2 33. Bf3 Qf4 34. Kg1 Nxf3+ 35. gxf3 Qxa4 36. Qd5 Rb1+ 37. Kg2 Qf4 38. h4 Re1 39. Rc4 Qf5 40. Qd2 Qb1 41. f4 e4 42. f5 Rg1+ 43. Kh2 Qf1 44. Qd4+ Kh7 45. fxg6+ Rxg6 0-1

[Event "77th Armenian Women Championship 2022"]
[Site "Yerevan"]
[Date "2022.01.16"]
[Round "5.1"]
[White "Yedigaryan, Asya"]
[Black "Gasparian, Narine"]
[Result "1/2-1/2"]
[ECO "B52"]
[WhiteElo "2022"]
[BlackElo "2004"]
[Annotator "NA"]
[PlyCount "92"]
[EventDate "2022.01.12"]
[EventType "tourn"]
[EventCountry "ARM"]
[SourceTitle "playchess.com"]
[Source "ChessBase"]
[SourceQuality "1"]
[TimeControl "40/5400+30:1800+30"]

1. e4 c5 2. Nf3 d6 3. Bb5+ Bd7 4. Bxd7+ Qxd7 5. c4 Nf6 6. Nc3 Nc6 7. d4 cxd4 8. Nxd4 g6 9. f3 Bg7 10. Be3 O-O 11. O-O Rac8 12. b3 Nh5 13. Qd2 f5 14. Rad1 Rf7 15. Rfe1 Ne5 16. exf5 gxf5 17. Bg5 Ng6 18. Bh6 Be5 19. Nde2 Qc6 20. f4 Bg7 21. Bxg7 Rxg7 22. Nd4 Qd7 23. Ne6 Rf7 24. Nd5 b5 25. c5 dxc5 26. Qe2 Ng7 27. Nf6+ exf6 28. Rxd7 Rxd7 29. Nxg7 Kxg7 30. Qxb5 Rcc7 31. g3 Ne7 32. Rc1 Rd2 33. Qa5 Rcd7 34. Re1 ({Not} 34. Rxc5 Re2 35. Kf1 (35. Rc1 Rdd2 $11) 35... Rdd2 $11) 34... Nc6 35. Qxc5 Nd4 36. Rf1 Rc2 37. Qb4 Nc6 38. Qb5 Rdd2 39. Ra1 Nd4 40. Qb7+ Kg6 41. Qa8 (41. Qxa7 {gets mated.} Rg2+ 42. Kf1 Rcf2+ 43. Ke1 Nf3+ 44. Kd1 Rg1#) 41... Rxh2 42. Rf1 $11 Nc6 43. Qg8+ Kh6 44. Qf8+ Kg6 45. Qg8+ Kh6 46. Qf8+ Kg6 1/2-1/2

[Event "77th Armenian Women Championship 2022"]
[Site "Yerevan"]
[Date "2022.01.16"]
[Round "5.2"]
[White "Mkrtchyan, Mariam"]
[Black "Khachatryan, Veronika"]
[Result "1-0"]
[ECO "D74"]
[WhiteElo "2262"]
[BlackElo "2007"]
[Annotator "ChessBase"]
[PlyCount "63"]
[EventDate "2022.01.12"]
[EventType "tourn"]
[EventCountry "ARM"]
[SourceTitle "playchess.com"]
[Source "ChessBase"]
[SourceQuality "1"]
[TimeControl "40/5400+30:1800+30"]

1. d4 Nf6 2. Nf3 g6 3. c4 Bg7 4. g3 O-O 5. Bg2 d5 6. cxd5 Nxd5 7. O-O Nc6 8. e4 Nb6 9. d5 Na5 10. Qe1 Nac4 11. Nc3 e6 12. Bg5 Qe8 13. b3 Nd6 14. e5 exd5 15. exd6 Qxe1 16. Raxe1 Bxc3 17. Rc1 d4 18. dxc7 Bf5 19. Bf6 Bd3 20. Bxd4 Bxf1 21. Kxf1 Ba5 22. Ne5 f6 23. Bxb6 Bxb6 24. Nd7 Rac8 25. Nxb6 axb6 26. Bxb7 Kf7 27. Bxc8 Rxc8 28. a4 Ke7 29. Rc6 f5 30. b4 Kd7 31. Rxb6 Rxc7 32. a5 1-0

[Event "77th Armenian Women Championship 2022"]
[Site "Yerevan"]
[Date "2022.01.16"]
[Round "5.3"]
[White "Arakelyan, Nare"]
[Black "Gaboyan, Susanna"]
[Result "0-1"]
[ECO "C41"]
[WhiteElo "1912"]
[BlackElo "2254"]
[Annotator "ChessBase"]
[PlyCount "60"]
[EventDate "2022.01.12"]
[EventType "tourn"]
[EventCountry "ARM"]
[SourceTitle "playchess.com"]
[Source "ChessBase"]
[SourceQuality "1"]
[TimeControl "40/5400+30:1800+30"]

1. e4 d6 2. d4 Nf6 3. Nc3 e5 4. Nf3 Nbd7 5. Bc4 Be7 6. O-O O-O 7. Qe2 c6 8. a4 exd4 9. Nxd4 Re8 10. f3 d5 11. Ba2 Bc5 12. Be3 Qe7 13. Kh1 dxe4 14. Nf5 Qe5 15. fxe4 Bxe3 16. Qxe3 Nf8 17. Qg5 Ng6 18. h4 Bxf5 19. Rxf5 Qe7 20. h5 Nf8 21. Raf1 h6 22. Qg3 N8h7 23. e5 Qc7 24. Rxf6 Nxf6 25. Rxf6 Re7 26. Ne4 Kh8 27. Rf5 Rd8 28. Nd6 f6 29. exf6 Red7 30. fxg7+ Rxg7 0-1

[Event "77th Armenian Women Championship 2022"]
[Site "Yerevan"]
[Date "2022.01.16"]
[Round "5.4"]
[White "Gevorgyan, Maria"]
[Black "Khachatryan, Anna"]
[Result "1-0"]
[ECO "D31"]
[WhiteElo "2218"]
[BlackElo "2134"]
[Annotator "ChessBase"]
[PlyCount "85"]
[EventDate "2022.01.12"]
[EventType "tourn"]
[EventCountry "ARM"]
[SourceTitle "playchess.com"]
[Source "ChessBase"]
[SourceQuality "1"]
[TimeControl "40/5400+30:1800+30"]

1. d4 d5 2. c4 e6 3. Nc3 c6 4. e3 f5 5. Nf3 Nf6 6. Bd3 Bd6 7. O-O O-O 8. b3 Nbd7 9. a4 Ne4 10. Ne2 Qe7 11. Ne1 Qh4 12. f4 Qe7 13. Nf3 h6 14. Ne5 Nxe5 15. fxe5 Bb4 16. Bxe4 fxe4 17. Nf4 b6 18. Ra2 Ba6 19. Raf2 Rfe8 20. Qe2 Kh7 21. g3 Rac8 22. h4 dxc4 23. bxc4 Rc7 24. Qc2 Kg8 25. Ng6 Qd8 26. Rf4 c5 27. Rxe4 cxd4 28. Rxd4 Qc8 29. Rff4 Bc5 30. Rd1 Rd7 31. Rdf1 Bb7 32. Kh2 Qc6 33. e4 a5 34. h5 Bb4 35. Qf2 Rdd8 36. Rf7 Rd7 37. Rf8+ Bxf8 38. Qxf8+ Kh7 39. Qxe8 Rd2+ 40. Bxd2 Qxe8 41. Rf8 Bc6 42. Rxe8 Bxe8 43. Be3 1-0

[Event "77th Armenian Women Championship 2022"]
[Site "Yerevan"]
[Date "2022.01.16"]
[Round "5.5"]
[White "Avetisyan, Mariam"]
[Black "Hakobyan, Astghik"]
[Result "1-0"]
[ECO "B15"]
[WhiteElo "2012"]
[BlackElo "2053"]
[Annotator "NA"]
[PlyCount "75"]
[EventDate "2022.01.12"]
[EventType "tourn"]
[EventCountry "ARM"]
[SourceTitle "playchess.com"]
[Source "ChessBase"]
[SourceQuality "1"]
[TimeControl "40/5400+30:1800+30"]

1. e4 c6 2. d4 d5 3. Nc3 dxe4 4. Nxe4 Nf6 5. Nxf6+ exf6 6. c3 Bd6 7. Bd3 O-O 8. Qc2 Re8+ 9. Ne2 h5 10. Be3 Nd7 11. O-O-O Nf8 12. c4 Be6 13. Kb1 Rc8 14. a3 b5 15. c5 Bc7 16. Nc3 Rb8 17. Be4 b4 18. axb4 Rxb4 19. Bxc6 Bb3 20. Qf5 Re6 21. Bd5 g6 22. Qf3 Bxd1 23. Rxd1 Ra6 24. Bc1 Ne6 25. Bxe6 Rxe6 26. d5 Ra6 27. Qe2 Ra3 $18 28. Nb5 Ra5 29. d6 Rbxb5 30. dxc7 Qxc7 31. Qe8+ Kg7 32. Rd8 Qxd8 33. Qxd8 Rxc5 34. h4 g5 35. hxg5 fxg5 36. b4 Rab5 37. Bb2+ Re5 38. Qxg5+ 1-0

[Event "77th Armenian Women Championship 2022"]
[Site "Yerevan"]
[Date "2022.01.19"]
[Round "8.2"]
[White "Khachatryan, Veronika"]
[Black "Avetisyan, Mariam"]
[Result "1-0"]
[ECO "E10"]
[WhiteElo "2007"]
[BlackElo "2012"]
[Annotator "ChessBase"]
[PlyCount "79"]
[EventDate "2022.01.12"]
[EventType "tourn"]
[EventCountry "ARM"]
[SourceTitle "playchess.com"]
[Source "ChessBase"]
[SourceQuality "1"]
[TimeControl "40/5400+30:1800+30"]

1. d4 Nf6 2. c4 e6 3. Nf3 c5 4. d5 b5 5. dxe6 fxe6 6. cxb5 d5 7. Nc3 Bb7 8. g3 Nbd7 9. Bh3 d4 10. Na4 e5 11. O-O Bd6 12. Ng5 Qe7 13. e3 h6 14. Nf3 O-O 15. exd4 cxd4 16. Nh4 Rf7 17. Nf5 Qf8 18. b3 Rd8 19. Nb2 Nb6 20. a4 Bb4 21. Nd3 Bd6 22. Re1 Nbd7 23. Nb2 Bb4 24. Rf1 Ne4 25. Qg4 Kh7 26. Nd3 Ndf6 27. Qh4 Nc3 28. Re1 Bd6 29. Nxh6 gxh6 30. Bf5+ Kg8 31. Bxh6 Qe7 32. Nf4 exf4 33. Rxe7 Rxe7 34. Qxf6 Ne2+ 35. Kf1 d3 36. Qg5+ Kh8 37. Bg7+ Kg8 38. Bf6+ Kf8 39. Qh6+ Ke8 40. Qh8+ 1-0

[Event "77th Armenian Women Championship 2022"]
[Site "Yerevan"]
[Date "2022.01.19"]
[Round "8.3"]
[White "Mkrtchyan, Mariam"]
[Black "Yedigaryan, Asya"]
[Result "1/2-1/2"]
[ECO "A40"]
[WhiteElo "2262"]
[BlackElo "2022"]
[Annotator "ChessBase"]
[PlyCount "61"]
[EventDate "2022.01.12"]
[EventType "tourn"]
[EventCountry "ARM"]
[SourceTitle "playchess.com"]
[Source "ChessBase"]
[SourceQuality "1"]
[TimeControl "40/5400+30:1800+30"]

1. d4 Nf6 2. c4 e6 3. g3 Bb4+ 4. Bd2 Qe7 5. Bg2 Nc6 6. e3 O-O 7. Ne2 Bxd2+ 8. Nxd2 d6 9. O-O e5 10. d5 Nd8 11. Nc3 Ne8 12. e4 f5 13. exf5 Bxf5 14. Qe2 Qd7 15. b4 Nf6 16. c5 Bh3 17. Qc4 Bxg2 18. Kxg2 Nf7 19. Nde4 Kh8 20. c6 bxc6 21. dxc6 Qf5 22. Nxf6 gxf6 23. f4 d5 24. Nxd5 Nd6 25. Ne3 Qh5 26. Qc2 exf4 27. Rxf4 Rae8 28. Rh4 Qf7 29. Ng4 Qd5+ 30. Kh3 Ne4 31. Rh6 1/2-1/2

[Event "77th Armenian Women Championship 2022"]
[Site "Yerevan"]
[Date "2022.01.19"]
[Round "8.4"]
[White "Arakelyan, Nare"]
[Black "Gevorgyan, Maria"]
[Result "0-1"]
[ECO "B34"]
[WhiteElo "1912"]
[BlackElo "2218"]
[Annotator "ChessBase"]
[PlyCount "58"]
[EventDate "2022.01.12"]
[EventType "tourn"]
[EventCountry "ARM"]
[SourceTitle "playchess.com"]
[Source "ChessBase"]
[SourceQuality "1"]
[TimeControl "40/5400+30:1800+30"]

1. e4 c5 2. Nf3 Nc6 3. d4 cxd4 4. Nxd4 g6 5. Nc3 Bg7 6. Be3 Nf6 7. Nxc6 bxc6 8. e5 Ng8 9. Bd4 Qa5 10. f4 Nh6 11. e6 O-O 12. Bxg7 Kxg7 13. exd7 Rd8 14. Qd4+ e5 15. fxe5 Rxd7 16. Qf4 Nf5 17. Rd1 Rb8 18. Rxd7 Bxd7 19. g4 Rxb2 20. Kd2 Rb4 21. Qf3 Nd4 22. Qf6+ Kg8 23. h3 Ne6 24. Bd3 Rf4 25. Qe7 Qxe5 26. Rb1 Rf2+ 27. Ne2 Qf4+ 28. Kc3 Rxe2 29. Qxd7 Qd2+ 0-1

[Event "77th Armenian Women Championship 2022"]
[Site "Yerevan"]
[Date "2022.01.19"]
[Round "8.5"]
[White "Gasparian, Narine"]
[Black "Hakobyan, Astghik"]
[Result "1/2-1/2"]
[ECO "E06"]
[WhiteElo "2004"]
[BlackElo "2053"]
[Annotator "ChessBase"]
[PlyCount "95"]
[EventDate "2022.01.12"]
[EventType "tourn"]
[EventCountry "ARM"]
[SourceTitle "playchess.com"]
[Source "ChessBase"]
[SourceQuality "1"]
[TimeControl "40/5400+30:1800+30"]

1. d4 Nf6 2. Nf3 e6 3. g3 d5 4. c4 Be7 5. Bg2 O-O 6. O-O c6 7. Nbd2 Nbd7 8. b3 b6 9. Bb2 Ba6 10. Re1 c5 11. cxd5 exd5 12. Ne5 Rc8 13. Rc1 Nxe5 14. dxe5 Ne8 15. Nf1 d4 16. e3 d3 17. Nd2 b5 18. Qg4 Qa5 19. Red1 c4 20. bxc4 bxc4 21. Bc3 Bb4 22. Bxb4 Qxb4 23. Bd5 Nc7 24. Bxc4 Nd5 25. Qd4 Rfd8 26. Bxa6 Rxc1 27. Rxc1 Qxd2 28. Rc5 Qe1+ 29. Kg2 Nxe3+ 30. Qxe3 d2 31. Be2 d1=Q 32. Bxd1 Qxd1 33. Rc7 Qd5+ 34. Qf3 Qxa2 35. Qb7 h6 36. Re7 Qd5+ 37. Qxd5 Rxd5 38. f4 a5 39. Re8+ Kh7 40. Rf8 Kg6 41. g4 a4 42. f5+ Kg5 43. Rxf7 Kxg4 44. e6 Re5 45. Rxg7+ Kxf5 46. Ra7 Rxe6 47. Rxa4 Re2+ 48. Kg3 1/2-1/2